 Dungeon Sprint DCSS version 0.28.0-43-g3370ac3207 (webtiles) character file.

Game seed: 8510539168451758360

12819 boopmooplesden the Fencer (level 11, -7/189 HPs)
             Began as a Minotaur Berserker on Mar 23, 2022.
             Was the Champion of Trog.
             Mangled by a 12-headed hydra (12 damage)
             ... while paralysed by a floating eye
             ... in the Dungeon (Sprint I: "Red Sonja").
             The game lasted 00:07:49 (2388 turns).

boopmooplesden the Fencer (Minotaur Berserker)      Turns: 2388, Time: 00:07:49

Health: -7/189     AC: 10    Str: 31    XL:     11   Next: 67%
Magic:  10/10      EV:  2    Int:  4    God:    Trog [******]
Gold:   334        SH:  0    Dex:  9    Spells: 10/10 levels left

rFire   + + .      SeeInvis +   y - +5 rapier of Xugum {flame, rCorr Str+6}
rCold   + . .      Faith    .   (no shield)
rNeg    . . .      Spirit   .   u - +0 leather armour of Valiance {Rampage rF+ SInv}
rPois   .          Reflect  .   (helmet unavailable)
rElec   .          Harm     .   A - scarf {rC+ rF+}
rCorr   +          Rampage  +   t - +2 pair of gloves
Will    .....      Rage     1%  s - +1 pair of boots
Stlth   .......... NoTele   +   (no amulet)
HPRegen 0.41/turn               (no ring)
MPRegen 0.12/turn               (no ring)

@: paralysed, berserking
A: horns 3, retaliatory headbutt, berserk 1, clumsy 1, subdued magic 1
a: Renounce Religion, Berserk, Trog's Hand, Brothers in Arms


You were in the Dungeon.
You worshipped Trog.
Trog was exalted by your worship.
You visited 1 branch You collected 1213 gold pieces.
You spent 879 gold pieces at shops.

Inventory:

Hand Weapons
 a - a +0 falchion
 c - the +6 double sword "Neaxaeh" {vorpal, Stlth+}
   (Trog gifted it to you in the Dungeon)

   It inflicts extra damage upon your enemies.
   Stlth:     It makes you more stealthy.
 h - a +1 falchion of holy wrath
 o - the +6 hand axe "Duarox" {vorpal, rC+}
   (Trog gifted it to you in the Dungeon)

   It inflicts extra damage upon your enemies.
   rC:        It protects you from cold.
 q - a +6 great sword
 r - the +5 hand axe of Subjectivity {vorpal, *Noise +Blink rF+++ Dex+4}
   (You found it in the Dungeon)

   It inflicts extra damage upon your enemies.
   Dex:       It affects your dexterity (+4).
   rF:        It renders you almost immune to fire.
   +Blink:    It lets you blink.
   *Noise:    It may make noises in combat.
 y - the +5 rapier of Xugum (weapon) {flame, rCorr Str+6}
   (Trog gifted it to you in the Dungeon)

   It burns those it strikes, dealing additional fire damage.
   Str:       It affects your strength (+6).
   rCorr:     It protects you from acid and corrosion.
Missiles
 w - 2 curare-tipped darts (quivered)
Armour
 b - a +0 animal skin
 n - a +0 troll leather armour
 s - a +1 pair of boots (worn)
 t - a +2 pair of gloves (worn)
 u - the +0 leather armour of Valiance (worn) {Rampage rF+ SInv}
   (You bought it in a shop in the Dungeon)

   rF:        It protects you from fire.
   SInv:      It lets you see invisible.
   Rampage:   It bestows one free step when moving towards enemies.
 A - a scarf of resistance (worn)
Wands
 i - a wand of iceblast (8)
 v - a wand of flame (18)
Scrolls
 k - a scroll of blinking
Potions
 d - a potion of heal wounds
 e - a potion of haste
 f - 2 potions of magic
 g - a potion of berserk rage
 l - a potion of lignification {unknown}
 p - a potion of flight
 x - a potion of brilliance
 z - 2 potions of curing


   Skills:
 + Level 20.9 Fighting
 + Level 20.9 Long Blades
 + Level 3.3 Throwing
 + Level 9.5 Armour
 + Level 12.7 Dodging
 + Level 6.8 Stealth


You had 10 spell levels left.
You didn't know any spells.
Your spell library was empty.

Dungeon Overview and Level Annotations

Branches:
Dungeon (1/1)

Altars:
Cheibriados
Dithmenos
Elyvilon
Fedhas
Gozag
Hepliaklqana
Kikubaaqudgha
Makhleb
Nemelex Xobeh
Okawaru
Qazlal
Ru
Sif Muna
Trog
Uskayaw
Vehumet
Wu Jian
Xom
Yredelemnul
Zin
The Shining One
Jiyva
Lugonu

Shops:
D *:*=([([!:*[[*(*!?![:


Innate Abilities, Weirdness & Mutations

You have a pair of large horns on your head.
You reflexively headbutt those who attack you in melee.
You tend to lose your temper in combat.
You are clumsy. (Dex -2)
Your spells are a little easier to cast, but a little less powerful.


Message History

You impale the 12-headed hydra!! You burn the 12-headed hydra!
You headbutt the 12-headed hydra!!
The 12-headed hydra is severely wounded.
The 12-headed hydra bites you but does no damage.
The 12-headed hydra bites you! The 12-headed hydra closely misses you.
The 12-headed hydra barely misses you. The 12-headed hydra bites you. x2
The 12-headed hydra bites you but does no damage.
The 12-headed hydra bites you.
The 12-headed hydra bites you but does no damage.
The 12-headed hydra barely misses you. x2
The 12-headed hydra closely misses you.
You puncture the 12-headed hydra! You burn the 12-headed hydra.
The 12-headed hydra is almost dead.
The floating eye gazes piercingly through you!
You suddenly lose the ability to move!
The 12-headed hydra bites you! x2; The 12-headed hydra bites you.
The 12-headed hydra bites you but does no damage. x2
The 12-headed hydra bites you. The 12-headed hydra bites you!
The 12-headed hydra bites you. x2
The 12-headed hydra bites you but does no damage. x3
The floating eye's stare focuses on you.
The 12-headed hydra bites you but does no damage.
The 12-headed hydra bites you!
* * * LOW HITPOINT WARNING * * *
The 12-headed hydra bites you!
* * * LOW HITPOINT WARNING * * *
The 12-headed hydra bites you!
* * * LOW HITPOINT WARNING * * *
The 12-headed hydra bites you but does no damage. x3
The 12-headed hydra bites you!
* * * LOW HITPOINT WARNING * * *
The 12-headed hydra bites you!
* * * LOW HITPOINT WARNING * * *
The 12-headed hydra bites you but does no damage.
The 12-headed hydra bites you.
* * * LOW HITPOINT WARNING * * *
The 12-headed hydra bites you.
* * * LOW HITPOINT WARNING * * *
The 12-headed hydra bites you!
You die...

#####################
..#..#.§))÷§§.§§@DG$#
.)##'#§####§§.§§##$§+
..'.§#.# ##§§§## ##
###).'§# ###+#
.##'#### .#.○. .#○○☼.
§###°°. .'.#°°○#


You could see a 12-headed hydra and a floating eye (charged).

Vanquished Creatures
  2 centaur warriors (D)
  Sonja (D)
  A deep troll (D)
  A lindwurm (D)
  An oklob plant (D)
  8 shining eyes (D)
  A gargoyle (D)
  4 demonic crawlers (D)
  2 unseen horrors (D)
  2 kobold demonologists (D)
  A hornet (D)
  A slime creature (D)
  Sigmund (D)
  A yak (D)
  2 redbacks (D)
  13 hogs (D)
  6 floating eyes (D)
  7 necrophages (D)
  An ogre (D)
  8 jellies (D)
  Ijyb (D)
65 creatures vanquished.

Vanquished Creatures (others)
  2 ballistomycete spores (D)
2 creatures vanquished.

Grand Total: 67 creatures vanquished

Notes
Turn   | Place    | Note
-------+----------+-------------------------------------------
     0 | D        | boopmooplesden the Minotaur Berserker began the quest for
                  | the Orb.
     0 | D        | Reached XP level 1. HP: 19/19 MP: 0/0
     1 | D        | Noticed Ijyb
     6 | D        | Killed Ijyb
     7 | D        | Reached skill level 5 in Fighting
     7 | D        | Reached skill level 5 in Long Blades
     7 | D        | Reached XP level 2. HP: 30/30 MP: 1/1
    67 | D        | Noticed an ogre
    73 | D        | Killed an ogre
    74 | D        | Reached XP level 3. HP: 40/40 MP: 2/2
    74 | D        | Reached XP level 4. HP: 48/48 MP: 3/3
   213 | D        | Noticed Sigmund
   219 | D        | Killed Sigmund
   219 | D        | Reached ** piety under Trog
   220 | D        | Reached skill level 10 in Long Blades
   220 | D        | Reached skill level 5 in Armour
   220 | D        | Reached skill level 5 in Dodging
   220 | D        | Reached XP level 5. HP: 58/58 MP: 4/4
   341 | D        | Found a burning altar of Makhleb.
   341 | D        | Found a viscous altar of Jiyva.
   341 | D        | Found a shimmering altar of Xom.
   341 | D        | Found a corrupted altar of Lugonu.
   341 | D        | Noticed a slime creature
   349 | D        | Killed a slime creature
   350 | D        | Reached XP level 6. HP: 45/68 MP: 5/5
   459 | D        | Noticed a kobold demonologist
   461 | D        | Noticed a floating eye
   461 | D        | Noticed a kobold demonologist
   463 | D        | Killed a floating eye
   464 | D        | Reached XP level 7. HP: 74/74 MP: 6/6
   468 | D        | Killed a kobold demonologist
   468 | D        | Reached *** piety under Trog
   469 | D        | Reached skill level 1 in Stealth
   473 | D        | Killed a kobold demonologist
   474 | D        | Reached XP level 8. HP: 86/86 MP: 7/7
   481 | D        | Found an ornate altar of the Wu Jian Council.
   481 | D        | Found a shimmering blue altar of Sif Muna.
   483 | D        | Found a radiant altar of Vehumet.
   514 | D        | Found Damaviq's Jewellery Emporium.
   514 | D        | Found an ancient bone altar of Kikubaaqudgha.
   514 | D        | Found a hazy altar of Hepliaklqana.
   514 | D        | Found a hide-covered altar of Uskayaw.
   514 | D        | Found a basalt altar of Yredelemnul.
   514 | D        | Found an opulent altar of Gozag.
   514 | D        | Found a snail-covered altar of Cheibriados.
   514 | D        | Found a sacrificial altar of Ru.
   514 | D        | Found a shadowy altar of Dithmenos.
   523 | D        | Reached **** piety under Trog
   524 | D        | Found a stormy altar of Qazlal.
   524 | D        | Found a blossoming altar of Fedhas.
   524 | D        | Found a bloodstained altar of Trog.
   524 | D        | Found an iron altar of Okawaru.
   524 | D        | Found a glowing golden altar of the Shining One.
   524 | D        | Found a glowing silver altar of Zin.
   524 | D        | Found a white marble altar of Elyvilon.
   525 | D        | Found a sparkling altar of Nemelex Xobeh.
   682 | D        | Noticed a centaur warrior
   685 | D        | Noticed a centaur warrior
   693 | D        | Killed a centaur warrior
   694 | D        | Reached skill level 15 in Long Blades
   699 | D        | Killed a centaur warrior
   700 | D        | Reached skill level 15 in Fighting
   700 | D        | Reached XP level 9. HP: 53/97 MP: 8/8
   936 | D        | Noticed a deep troll
   942 | D        | Killed a deep troll
   954 | D        | Found Tilengex's Armour Emporium.
   990 | D        | Paralysed by a hornet for 1 turns
  1022 | D        | Noticed an oklob plant
  1035 | D        | Killed an oklob plant
  1041 | D        | Reached ***** piety under Trog
  1274 | D        | Killed an unseen horror
  1275 | D        | Reached skill level 10 in Dodging
  1275 | D        | Reached XP level 10. HP: 111/111 MP: 9/9
  1285 | D        | Identified the +6 double sword "Neaxaeh" {vorpal, Stlth+}
                  | (Trog gifted it to you in the Dungeon)
  1285 | D        | Received a gift from Trog
  1349 | D        | Identified the +6 hand axe "Duarox" {vorpal, rC+} (Trog
                  | gifted it to you in the Dungeon)
  1349 | D        | Received a gift from Trog
  1520 | D        | Received a gift from Trog
  1529 | D        | Identified the +5 hand axe of Subjectivity {vorpal, *Noise
                  | +Blink rF+++ Dex+4}
  1536 | D        | Found Yhilofuu's Antique Armour Shoppe.
  1536 | D        | Found Qeisyo's Weapon Shop.
  1536 | D        | Found Luysum's Distillery.
  1538 | D        | Found Mykaic's Book Emporium.
  1538 | D        | Found Urreiw's General Store.
  1538 | D        | Found Moowk's Armour Shoppe.
  1538 | D        | Found Doisk's Armour Boutique.
  1538 | D        | Found Feufyeruqe's General Store.
  1538 | D        | Found Cujimic's Weapon Shop.
  1538 | D        | Found Mushra Mech's Assorted Antiques.
  1542 | D        | Found Qiseup's Distillery.
  1543 | D        | Found Odongo Mamm's Distillery.
  1543 | D        | Found Diadi's Magic Scroll Boutique.
  1547 | D        | Found Siqelotu's Book Emporium.
  1559 | D        | Bought a pair of boots for 112 gold pieces
  1572 | D        | Bought a pair of runed gloves for 172 gold pieces
  1572 | D        | Bought a smoking leather armour for 161 gold pieces
  1572 | D        | Identified the +0 leather armour of Valiance {Rampage rF+
                  | SInv} (You bought it in a shop in the Dungeon)
  1627 | D        | Noticed Sonja
  1630 | D        | Killed Sonja
  1630 | D        | Reached ****** piety under Trog
  1694 | D        | Found Xurghoka's Assorted Antiques.
  1708 | D        | Noticed a shining eye
  1708 | D        | Noticed a shining eye
  1708 | D        | Noticed a shining eye
  1732 | D        | Gained mutation: You are clumsy. (Dex -2) [a shining eye]
  1733 | D        | Killed a shining eye
  1755 | D        | Killed a shining eye
  1755 | D        | Identified the +5 rapier of Xugum {flame, rCorr Str+6}
                  | (Trog gifted it to you in the Dungeon)
  1755 | D        | Received a gift from Trog
  1757 | D        | Noticed a shining eye
  1760 | D        | Killed a shining eye
  1761 | D        | Reached skill level 5 in Stealth
  1763 | D        | Gained mutation: You have a pair of large horns on your
                  | head. [a shining eye]
  1766 | D        | Noticed a shining eye
  1775 | D        | Killed a shining eye
  1776 | D        | Reached skill level 1 in Throwing
  1776 | D        | Gained mutation: You tend to lose your temper in combat. [a
                  | shining eye]
  1778 | D        | Killed a shining eye
  1779 | D        | Reached XP level 11. HP: 123/123 MP: 10/10
  1782 | D        | Noticed a shining eye
  1789 | D        | Paralysed by a floating eye for 2 turns
  1910 | D        | Noticed a shining eye
  1910 | D        | Noticed a shining eye
  1918 | D        | Gained mutation: Your spells are a little easier to cast,
                  | but a little less powerful. [a shining eye]
  1919 | D        | Killed a shining eye
  1921 | D        | Killed a shining eye
  1925 | D        | Killed a shining eye
  1939 | D        | Found Dohoames's Book Shoppe.
  1939 | D        | Found Huseozeobb's Armour Boutique.
  1939 | D        | Found Taudwohe's Assorted Antiques.
  1940 | D        | Found Reqy's Antique Weapon Shop.
  1944 | D        | Bought a scarf of resistance for 384 gold pieces
  1958 | D        | Bought a scroll labelled WENIAGA NOIPU for 25 gold pieces
  1958 | D        | Bought a scroll labelled ALA UHOERRON GIA for 25 gold
                  | pieces
  2015 | D        | Received a gift from Trog
  2077 | D        | Noticed a lindwurm
  2078 | D        | Killed a lindwurm
  2085 | D        | Received a gift from Trog
  2099 | D        | Received a gift from Trog
  2382 | D        | Noticed a 12-headed hydra
  2385 | D        | Paralysed by a floating eye for 4 turns
  2387 | D        | HP: 8/189 [12-headed hydra (2)]
  2388 | D        | Mangled by a 12-headed hydra

Illustrated notes

Levels and vault maps discovered:
D:        dungeon_sprint_1 [red_sonja_temple_1, red_sonja_temple_small_1]

Skill      XL: |  1  2  3  4  5  6  7  8  9 10 11 |
---------------+----------------------------------+-----
Fighting       | 5 7 9 11 13 15 17 19 20 | 20.9
Long Blades    | 5 7 10 11 12 13 16 17 19 20 | 20.9
Armour         | 3 4 5 6 8 9 |  9.5
Dodging        | 3 5 6 7 8 10 11 12 | 12.7
Stealth        | 1 2 5 6 |  6.8
Throwing       | 1 3 |  3.3

Action                   |  1- 3 |  4- 6 |  7- 9 | 10-12 || total
-------------------------+-------+-------+-------+-------++-------
Melee: Falchion          |    10 |    12 |    62 |     5 ||    89
       Headbutt          |       |     3 |    15 |    24 ||    42
       Punch             |       |     1 |       |     1 ||     2
       Double sword      |       |       |       |    32 ||    32
       Great sword       |       |       |       |    68 ||    68
       Rapier            |       |       |       |     2 ||     2
Throw: Dart              |       |       |       |     6 ||     6
Invok: Berserk           |     2 |     2 |     4 |     4 ||    12
  Use: Scroll            |       |       |     1 |     5 ||     6
       Potion            |       |       |     1 |       ||     1
 Stab: Sleeping          |       |       |     1 |     2 ||     3
Armor: Animal skin       |       |     2 |     3 |       ||     5
       Troll leather arm |       |       |     2 |     3 ||     5
       Leather armour    |       |       |       |    19 ||    19
Dodge: Dodged            |     3 |     4 |    23 |    55 ||    85
